 Dungeon Crawl Stone Soup version 0.30.0-18-gc0e69614cb (webtiles) character file.

Game seed: 14212700251878177294

24343 monsoonserge the Covert (level 13, -16/107 HPs)
             Began as a Ghoul Gladiator on May 24, 2023.
             Was an Initiate of Uskayaw.
             Demolished by a skeletal warrior
             ... wielding a +0 flail
              (22 damage)
             ... on level 13 of the Dungeon.
             The game lasted 00:45:15 (13026 turns).

monsoonserge the Covert (Ghoul Gladiator)          Turns: 13026, Time: 00:45:15

Health: -16/107    AC: 10    Str: 21    XL:     13   Next: 12%
Magic:  15/18      EV: 12    Int:  3    God:    Uskayaw [......]
Gold:   755        SH:  0    Dex: 12    Spells: 12/12 levels left

rFire   . . .        n - +10 short sword of Outrage {spect, Stlth+}
rCold   + . .        u - +0 kite shield
rNeg    + + +        Z - +0 acid dragon scales
rPois   ∞            b - +0 helmet
rElec   .            (no cloak)
rCorr   +            C - +0 pair of gloves
SInv    +            (no boots)
Will    .....        (no amulet)
Stlth   +++          U - ring of see invisible
HPRegen 0.00/turn    h - +4 ring of slaying
MPRegen 0.16/turn

%: no passive effects
@: confused, ambrosia-drunk, inhibited regen
A: claws 1, cold resistance 1, negative energy resistance 3, inhibited
regeneration, torment resistance 2, devour on kill
a: Renounce Religion


You were on level 13 of the Dungeon.
You worshipped Uskayaw.
Uskayaw was aware of your devotion.
You visited 2 branches of the dungeon, and saw 14 of its levels.

You collected 755 gold pieces.

Inventory:

Hand Weapons
 n - the +10 short sword of Outrage (weapon) {spect, Stlth+}
   (You found it on level 2 of the Dungeon)

   Stlth:     It makes you more stealthy.
Missiles
 c - 5 throwing nets
 d - 7 javelins
 q - 11 boomerangs
 y - 3 atropa-tipped darts
 N - 29 poisoned darts (quivered)
 R - 5 curare-tipped darts
 X - 2 boomerangs of dispersal
Armour
 b - a +0 helmet (worn)
 k - a +0 buckler
 u - a +0 kite shield (worn)
 A - a +0 plate armour
 C - a +0 pair of gloves (worn)
 Z - +0 acid dragon scales (worn)
Jewellery
 h - a +4 ring of slaying (right hand)
 p - a ring of fire
 U - a ring of see invisible (left hand)
Wands
 o - a wand of light (19)
 E - a wand of mindburst (33)
 M - a wand of flame (21)
 O - a wand of iceblast (12)
 V - a wand of charming (6)
Scrolls
 a - 2 scrolls of fog {unknown}
 f - 6 scrolls of noise {unknown}
 g - 16 scrolls of identify {unknown}
 l - a scroll of immolation {unknown}
 m - 10 scrolls of teleportation {unknown}
 w - 4 scrolls of magic mapping {unknown}
 x - 3 scrolls of vulnerability {unknown}
 z - 2 scrolls of poison {unknown}
 B - a scroll of silence {unknown}
 H - 2 scrolls of fear {unknown}
 J - 2 scrolls of brand weapon {unknown}
 K - 3 scrolls of enchant weapon {unknown}
 Q - 3 scrolls of amnesia {unknown}
 Y - 2 scrolls of enchant armour {unknown}
Potions
 e - 3 potions of brilliance
 i - 2 potions of attraction
 j - 4 potions of degeneration {unknown}
 s - 2 potions of magic {unknown}
 t - 5 potions of haste
 v - 2 potions of mutation {unknown}
 D - a potion of cancellation {unknown}
 F - a potion of lignification {unknown}
 G - 5 potions of curing {unknown}
 I - 5 potions of heal wounds {unknown}
 L - 8 potions of ambrosia
 P - 5 potions of flight {unknown}
 S - a potion of resistance {unknown}
 T - a potion of invisibility
 W - a potion of berserk rage {unknown}
Miscellaneous
 r - a tin of tremorstones (2/2)


   Skills:
 + Level 7.9 Fighting
 * Level 11.2 Short Blades
 + Level 2.5 Throwing
 + Level 6.5 Armour
 + Level 5.6 Dodging
 + Level 11.5 Stealth
 + Level 5.2 Shields
 + Level 4.5 Unarmed Combat
 * Level 8.4 Invocations
 * Level 1.6 Evocations


You had 12 spell levels left.
You didn't know any spells.
Your spell library contained the following spells:

 Spells                   Type           Power      Damage    Failure   Level
 Dazzling Flash           Conj/Hex       0%         N/A       99%         3
 Vhi's Electric Charge    Tloc/Air       0%         N/A       99%         3
 Flame Wave               Conj/Fire      0%         2d4       100%        4
 Passage of Golubria      Tloc           0%         N/A       100%        4
 Agony                    Necr           0%         N/A       100%        5
 Arcjolt                  Conj/Air       0%         1d10      100%        5
 Freezing Cloud           Conj/Ice/Air   0%         6-21      100%        5
 Silence                  Hex/Air        0%         N/A       100%        5
 Summon Forest            Summ/Tloc      0%         N/A       100%        5
 Summon Mana Viper        Hex/Summ       0%         N/A       100%        5
 Plasma Beam              Fire/Air       0%         2x1d11    100%        6
 Summon Cactus Giant      Summ           0%         N/A       100%        6
 Lehudib's Crystal Spear  Conj/Erth      0%         10d2      100%        8


Dungeon Overview and Level Annotations

Branches:
Dungeon (13/15)            Temple (1/1) D:6            Lair (0/5) D:8
    Orc (0/2) D:12
 Vaults: D:13-14

Altars:
Ashenzari
Cheibriados
Dithmenos
Fedhas
Gozag
Hepliaklqana
Kikubaaqudgha
Makhleb
Nemelex Xobeh
Okawaru
Qazlal
Ru
Sif Muna
Trog
Uskayaw
Vehumet
Wu Jian
Xom
Yredelemnul
Lugonu

Shops:
D:4 =   D:10 =:[(*

Annotations:
D:9 3 runed translucent doors, meatpath's ghost, novice GrFi; monsoonserge's ghost, novice VSEn


Innate Abilities, Weirdness & Mutations

You are immune to poison.
You have sharp fingernails.
Your flesh is cold resistant. (rC+)
You are immune to negative energy. (rN+++)
You do not regenerate when monsters are visible.
You are immune to unholy pain and torment.
You thrive by killing the living.


Message History

Okay, then.
There are friendlies around, are you sure you want to hurt them?
You stomp with the beat, sending a shockwave through the revellers around you!
The skeletal warrior is severely damaged.
Your +10 short sword of Outrage {spect, Stlth+} is moderately damaged.
The skeletal warrior is severely damaged.
You can no longer stomp with the beat.
Your +10 short sword of Outrage {spect, Stlth+} disappears.
The skeletal warrior hits you with a +0 dire flail!
* * * LOW HITPOINT WARNING * * *
You block the skeletal warrior's attack.
Press: ? - help, v - describe, . - travel
Here: a skeletal warrior, wielding a +0 dire flail (severely damaged)
The floor.
You hit the skeletal warrior.
The skeletal warrior is almost destroyed.
Your +10 short sword of Outrage {spect, Stlth+} closely misses the skeletal warrior.
You block the skeletal warrior's attack.
The skeletal warrior hits you with a +0 flail.
* * * LOW HITPOINT WARNING * * *
You hit the skeletal warrior.
The skeletal warrior is almost destroyed.
Your +10 short sword of Outrage {spect, Stlth+} completely misses the skeletal warrior.
You block the skeletal warrior's attack.
You hit the skeletal warrior.
The skeletal warrior is almost destroyed.
Your +10 short sword of Outrage {spect, Stlth+} hits the skeletal warrior!
You destroy the skeletal warrior!
The skeletal warrior hits you with a +0 flail!
* * * LOW HITPOINT WARNING * * *
Okay, then.
Press: ? - help, v - describe, . - travel
Here: a skeletal warrior, wielding a +0 flail (severely damaged)
The floor.
Okay, then.
You are confused.
You feel invigorated.
Your +10 short sword of Outrage {spect, Stlth+} disappears.
The skeletal warrior hits you with a +0 flail!!
You die...

#.# ####.# ###.######## ##....#
...........# #..#### ...........#
###'######### ### ...........#
#...........#####..
...........####...........##..†.#
.<............'...........'..####
...........####..z........####
>..........# #.@)........#
...........####..)........#
##.##########.............#
#....#.............#######
####..)~~~.....~~~~.#
#####.~≈≈≈≈~...~~≈≈≈~.#
.....~≈≈≈≈≈~...~≈≈≈≈≈~.# ##
###..≈≈≈≈≈≈~...~≈≈≈≈≈≈.# #.
#...###..###+++###p.#### #.


You could see a skeletal warrior.

Vanquished Creatures
  A centaur warrior (D:13)
  A boulder beetle (D:11)
  2 two-headed ogres
  Nergalle (D:12)
  2 skeletal warriors (D:13)
  A manticore (D:9)
  A cyclops (D:13)
  A rust devil (D:11)
  An unseen horror (D:13)
  4 gargoyles
  6 kobold demonologists
  A tengu conjurer (D:9)
  A komodo dragon (D:11)
  4 trolls
  3 meliai (D:12)
  A queen bee (D:12)
  3 slime creatures
  A ynoxinul (D:11)
  A shadow (D:12)
  5 wraiths
  34 yaks
  A vampire (D:12)
  2 wyverns
  A basilisk (D:11)
  A chaos spawn (D:11)
  7 vampire mosquitoes
  A redback (shapeshifter) (D:9)
  2 wargs (D:8)
  6 acid dragons
  A water moccasin (D:8)
  A black bear (D:4)
  A sky beast (D:8)
  3 ice beasts
  An orc warrior (D:8)
  A centaur (D:10)
  3 phantoms
  9 kobold brigands
  3 bullfrogs
  A gnoll sergeant (D:8)
  7 scorpions
  6 wights
  2 troll zombies (D:12)
  14 killer bees (D:12)
  3 howler monkeys
  A crimson imp (D:3)
  A quasit (D:11)
  2 hounds
  2 gnoll boudas (D:10)
  9 orc priests
  4 iguanas
  8 orc wizards
  2 sleepcaps (D:6)
  6 ogre zombies (D:12)
  16 gnolls
  11 adders
  2 white imps
  2 ufetubi
  4 worms
  6 dart slugs
  28 orcs
  11 ball pythons
  5 bats
  12 endoplasms
  5 giant cockroaches
  11 goblins
  8 hobgoblins
  11 jackals (D:1)
  5 quokkas
  4 frilled lizards
  A goblin skeleton (D:12)
  4 goblin zombies (D:12)
  A hobgoblin skeleton (D:12)
  5 hobgoblin zombies (D:12)
  34 kobolds
  2 orc skeletons (D:12)
  12 orc zombies (D:12)
  11 rats
398 creatures vanquished.

Vanquished Creatures (collateral kills)
  6 killer bees (D:12)
6 creatures vanquished.

Vanquished Creatures (others)
  5 spectral weapons
5 creatures vanquished.

Grand Total: 409 creatures vanquished

Notes
Turn   | Place    | Note
-------+----------+-------------------------------------------
     0 | D:1      | monsoonserge the Ghoul Gladiator began the quest for the
                  | Orb.
     0 | D:1      | Reached XP level 1. HP: 17/17 MP: 0/0
   189 | D:1      | Reached XP level 2. HP: 20/25 MP: 1/1
   323 | D:1      | Reached XP level 3. HP: 21/30 MP: 2/2
   895 | D:2      | Identified the +10 short sword of Outrage {spect, Stlth+}
  1090 | D:2      | Reached XP level 4. HP: 33/37 MP: 3/3
  1561 | D:3      | Got Ytimafay's Book of Lethal Enchantment
  1570 | D:3      | Reached skill level 1 in Short Blades
  1576 | D:3      | Reached skill level 1 in Armour
  1648 | D:3      | Reached skill level 1 in Stealth
  1672 | D:3      | Reached XP level 5. HP: 42/42 MP: 4/4
  1917 | D:3      | Found a shimmering altar of Xom.
  1917 | D:3      | Found a burning altar of Makhleb.
  1923 | D:3      | Reached XP level 6. HP: 47/50 MP: 5/5
  2283 | D:4      | Found a basalt altar of Yredelemnul.
  2469 | D:4      | Found a hazy altar of Hepliaklqana.
  2538 | D:4      | Found a broken altar of Ashenzari.
  2610 | D:4      | Noticed an air elemental
  2612 | D:4      | Found a stormy altar of Qazlal.
  2613 | D:4      | Noticed a fire elemental
  2613 | D:4      | Noticed a water elemental
  2673 | D:4      | Reached skill level 1 in Shields
  2725 | D:4      | Noticed a black bear
  2732 | D:4      | Killed a black bear
  2733 | D:4      | Reached XP level 7. HP: 52/57 MP: 6/6
  2830 | D:4      | Found Zolef's Jewellery Boutique.
  3464 | D:5      | Entered Level 5 of the Dungeon
  3575 | D:5      | Reached XP level 8. HP: 63/63 MP: 7/7
  3596 | D:5      | Found an opulent altar of Gozag.
  3645 | D:5      | Reached skill level 5 in Short Blades
  3732 | D:5      | Noticed a wyvern
  3736 | D:5      | Killed a wyvern
  3788 | D:5      | Reached skill level 5 in Stealth
  3910 | D:5      | Found a bloodstained altar of Trog.
  4478 | D:6      | Found a shadowy altar of Dithmenos.
  4541 | D:6      | Reached XP level 9. HP: 71/71 MP: 8/8
  4553 | D:6      | Found a staircase to the Ecumenical Temple.
  4559 | Temple   | Entered the Ecumenical Temple
  4605 | Temple   | Became a worshipper of Uskayaw the Reveller
  4730 | D:6      | Reached * piety under Uskayaw
  4906 | D:7      | Reached ** piety under Uskayaw
  4907 | D:7      | Reached skill level 1 in Invocations
  6089 | D:8      | Found a radiant altar of Vehumet.
  6126 | D:8      | Reached *** piety under Uskayaw
  6205 | D:8      | Noticed a troll
  6213 | D:8      | Killed a troll
  6304 | D:8      | Found a staircase to the Lair.
  6328 | D:8      | Reached XP level 10. HP: 19/80 MP: 0/11
  6337 | D:8      | Reached **** piety under Uskayaw
  6341 | D:8      | Reached ***** piety under Uskayaw
  6536 | D:8      | Found an iron altar of Okawaru.
  7171 | D:9      | Reached skill level 5 in Fighting
  7386 | D:9      | Noticed a manticore
  7413 | D:9      | Noticed a two-headed ogre
  7415 | D:9      | Killed a manticore
  7513 | D:9      | Noticed a kobold demonologist
  7522 | D:9      | Killed a kobold demonologist
  7729 | D:9      | Found a runed translucent gate.
  7729 | D:9      | Found a runed translucent gate.
  7729 | D:9      | Found a runed translucent gate.
  7730 | D:9      | Noticed monsoonserge's ghost (novice VSEn)
  7730 | D:9      | Noticed meatpath's ghost (novice GrFi)
  7827 | D:9      | Identified the +0 quarterstaff of the Apocalypse {heavy,
                  | rPois}
  7911 | D:9      | Reached skill level 5 in Invocations
  7914 | D:9      | Reached skill level 5 in Armour
  7914 | D:9      | Reached XP level 11. HP: 85/88 MP: 13/13
  8343 | D:9      | Killed a two-headed ogre
  8500 | D:10     | Entered Level 10 of the Dungeon
  8514 | D:9      | Reached skill level 10 in Short Blades
  8778 | D:10     | Found Ziri's General Store.
  8815 | D:10     | Found Ceriub's Antique Weapon Shop.
  8823 | D:10     | Noticed a two-headed ogre
  8847 | D:10     | Killed a two-headed ogre
  9272 | D:10     | Found Tibbiell's Armour Emporium.
  9692 | D:10     | Found Iheykukh's Jewellery Emporium.
  9726 | D:10     | Found Zeras's Book Boutique.
  9826 | D:10     | Found a snail-covered altar of Cheibriados.
  9922 | D:11     | Noticed a boulder beetle
  9952 | D:11     | Killed a boulder beetle
 10023 | D:11     | Reached XP level 12. HP: 38/97 MP: 16/16
 10775 | D:12     | Reached skill level 10 in Stealth
 11119 | D:12     | Found a staircase to the Orcish Mines.
 11159 | D:12     | Reached ****** piety under Uskayaw
 11207 | D:12     | Reached skill level 5 in Dodging
 11562 | D:12     | Noticed Nergalle
 11571 | D:12     | Killed Nergalle
 12446 | D:13     | Reached skill level 5 in Shields
 12446 | D:13     | Reached skill level 1 in Evocations
 12551 | D:13     | Noticed a vault guard
 12585 | D:13     | Noticed a centaur warrior
 12591 | D:13     | Killed a centaur warrior
 12592 | D:13     | Reached XP level 13. HP: 74/107 MP: 18/18
 12858 | D:13     | Noticed a vault guard
 13025 | D:13     | HP: 2/107 [skeletal warrior/+0 flail (17)]
 13026 | D:13     | Demolished by a skeletal warrior

Illustrated notes

Levels and vault maps discovered:
D:1:      wander_arrival_peaceful_grave, layout_basic
D:2:      wad_crossroads, layout_rooms
D:3:      layout_loops_cross, grunt_temple_overflow_champion_of_chaos,
          nicolae_half_adder
D:4:      minmay_razor_zed, layout_loops_ring, nicolae_hepliaklqana_hazy_memory,
          lemuel_round_altar, evilmike_ruin_ashenzari,
          nicolae_qazlal_style_of_elements, mrwooster_statue_mirror,
          nicolae_stop_n_shop_2
D:5:      layout_rooms, grunt_gozag_statues, kennysheep_mini
D:6:      layout_loops_ring, grunt_dithmenos_smoke,
          minmay_temple_entry_enclosed_plants, dk_rats_in_the_wall
D:7:      layout_layer_cave, kennysheep_generic_room_8
D:8:      layout_loops_corners, okawaru_ov_weapons_minmay,
          vehumet_altar_wand_db, erik_lair_orcish_takeover, st_stairs_6
D:9:      layout_long_grid, gammafunk_ghost_cemetery, kb_rosetta
D:10:     layout_long_grid, gammafunk_temple_overflow_pools, serial_shops,
          nicolae_shop_advertising_works [nicolae_subvault_shop_adworks],
          nicolae_shop_window_shopping, shop, kennysheep_mini_moat,
          nicolae_lakefront_shop, grunt_ministairs_2, hangedman_decor_slide_cut
D:11:     layout_rooms, serial_demonic, serial_demonic_c, serial_demonic_b,
          serial_demonic_f, serial_demonic_d
D:12:     layout_basic, zombieorc2_lemuel, special_room [special_room_bee],
          uniq_nergalle
D:13:     layout_roguey, grunt_vaults_entry_fortified
Temple:   corrupted_temple

Skill      XL: |  1  2  3  4  5  6  7  8  9 10 11 12 |
---------------+-------------------------------------+-----
Throwing       | 2 |  2.5
Dodging        | 3 4 5 |  5.6
Unarmed Combat | 4 |  4.5
Short Blades   | 1 2 3 4 6 8 9 10 11 | 11.2
Armour         | 1 2 3 4 5 6 |  6.5
Stealth        | 1 2 3 4 5 6 8 9 11 | 11.5
Shields        | 1 2 4 5 |  5.2
Fighting       | 3 4 5 6 7 |  7.9
Invocations    | 3 5 6 8 |  8.4
Evocations     | 1 |  1.6

Action                     |  1- 3 |  4- 6 |  7- 9 | 10-12 | 13-15 || total
---------------------------+-------+-------+-------+-------+-------++-------
  Melee: Unarmed           |   125 |       |       |       |       ||   125
         Punch             |     3 |       |       |       |       ||     3
         Short sword       |    17 |   107 |   195 |   570 |    39 ||   928
  Throw: Dart              |       |     2 |       |     9 |       ||    11
 Invoke: Stomp             |       |       |     3 |     4 |     3 ||    10
         Line Pass         |       |       |     1 |     2 |       ||     3
  Evoke: Wand              |       |       |       |     3 |       ||     3
    Use: Potion            |       |     3 |     1 |       |     1 ||     5
   Stab: Sleeping          |     3 |    14 |    18 |    11 |       ||    46
         Invisible         |       |     1 |       |     1 |       ||     2
         Paralysed         |       |       |     1 |    29 |     3 ||    33
         Distracted        |       |       |       |     9 |       ||     9
         Confused          |       |       |       |     1 |       ||     1
 Armour: Leather armour    |    34 |    20 |    12 |       |       ||    66
         Ring mail         |       |       |    16 |    40 |       ||    56
         Acid dragon scale |       |       |       |    43 |     8 ||    51
  Dodge: Dodged            |    85 |    48 |    54 |   156 |     7 ||   350
  Block: Buckler           |     3 |     3 |       |       |       ||     6
         Kite shield       |       |     5 |    47 |   152 |    14 ||   218
